 Dungeon Crawl Stone Soup version 0.30.0-3-ga4e48a9924 (webtiles) character file.

Game seed: 17651768832685150837

49 fozzywoppz the Trooper (level 3, -6/33 HPs)
             Began as a Minotaur Fighter on May 7, 2023.
             Mangled by an ogre
             ... wielding a +0 giant club
              (23 damage)
             ... on level 4 of the Dungeon.
             The game lasted 00:02:38 (1356 turns).

fozzywoppz the Trooper (Minotaur Fighter)           Turns: 1356, Time: 00:02:39

Health: -6/33      AC: 11    Str: 20    XL:     3   Next: 51%
Magic:  11/11      EV:  6    Int:  5    God:
Gold:   69         SH:  4    Dex: 11    Spells: 2/2 levels left

rFire   . . .        a - +0 flail
rCold   . . .        c - +0 buckler
rNeg    . . .        h - +0 plate armour
rPois   .            (helmet restricted)
rElec   .            (no cloak)
rCorr   .            (no gloves)
SInv    .            (no boots)
Will    .....        (no amulet) Stlth
                     l - ring of magical power
HPRegen 0.25/turn    (no ring)
MPRegen 0.12/turn

%: no passive effects
@: no status effects
A: horns 2, retaliatory headbutt
a: no special abilities


You were on level 4 of the Dungeon.
You visited 1 branch of the dungeon, and saw 4 of its levels.

You collected 69 gold pieces.

Inventory:

Hand Weapons
 a - a +0 flail (weapon)
Armour
 b - a +0 scale mail
 c - a +0 buckler (worn)
 h - a +0 plate armour (worn)
Jewellery
 l - a ring of magical power (left hand)
 n - a ring of willpower
Scrolls
 e - a scroll of fog {unknown}
 g - 5 scrolls of identify {unknown}
 j - a scroll of enchant armour {unknown}
 k - a scroll of fear {unknown}
 m - a scroll of immolation {unknown}
Potions
 d - a potion of might
 f - 4 potions of curing {unknown}
 i - 2 potions of heal wounds {unknown}


   Skills:
 + Level 4.1 Fighting
 + Level 3.1 Maces & Flails
 + Level 4.1 Armour
 + Level 0.8 Dodging
 + Level 4.1 Shields


You had 2 spell levels left.
You didn't know any spells.
Your spell library contained the following spells:

 Spells                   Type           Power      Damage    Failure   Level
 Sublimation of Blood     Necr           0%         N/A       100%        2
 Wereblood                Tmut           0%         N/A       100%        2
 Tukima's Dance           Hex            0%         N/A       100%        3
 Passage of Golubria      Tloc           0%         N/A       100%        4
 Yara's Violent Unravell  Hex/Tmut       0%         3d3       100%        5
 Summon Hydra             Summ           0%         N/A       100%        7


Dungeon Overview and Level Annotations

Branches:
Dungeon (4/15)
 Temple: D:4-7

Altars:
Qazlal
Uskayaw

Shops:
D:1 [(?   D:3 *


Innate Abilities, Weirdness & Mutations

You have a pair of horns on your head.
You reflexively headbutt those who attack you in melee.


Message History

The giant cockroach barely misses you.
You barely miss the giant cockroach. The endoplasm freezes you.
You are frozen.
The giant cockroach bites you but does no damage.
You closely miss the giant cockroach.
Your headbutt misses the giant cockroach.
The giant cockroach bites you but does no damage.
The endoplasm freezes you.
You are frozen.
The giant cockroach bites you but does no damage.
The endoplasm hits you but does no damage.
You closely miss the giant cockroach. The giant cockroach barely misses you.
You furiously retaliate!
You headbutt the giant cockroach!
You kill the giant cockroach!
The endoplasm hits you but does no damage.
Unknown command.
You sock the endoplasm!
You kill the endoplasm!
There is a stone staircase leading up here.
You see here a giant cockroach corpse.
You open the door.
Found a jade ring.
An ogre and an adder come into view.
The ogre shouts!
There is an open door here.
You aren't carrying any items that you can evoke.
Press: ? - help, v - describe, . - travel, g - get item Item here: a jade ring.
The floor.
The adder bites you but does no damage.
You see here a ring of willpower.
n - a ring of willpower You block the adder's attack.
The adder bites you but does no damage. The adder attacks as you move away!
The adder bites you but does no damage. The ogre attacks as you move away!
The ogre hits you with a +0 giant club! The ogre attacks as you move away!
The ogre hits you with a +0 giant club!!
Ouch! That really hurt!
You die...

##..§..##
#..≈.≈§.#
#...<§..######.
#..≈.≈..#.....#
..##.....##.....+
...##...##......#
....##'##.......#
.................#
.........S@......#
###......O#+######
+.......#
#.......#
#.......#
#.......#
#.......#
#.......#
#######..


You could see an ogre and an adder.

Vanquished Creatures
  An adder (D:3)
  A worm (D:3)
  2 bats (D:1)
  3 endoplasms
  5 giant cockroaches
  2 goblins (D:1)
  5 hobgoblins (D:1)
  5 ball pythons
  3 frilled lizards
  4 kobolds
  3 rats (D:3)
34 creatures vanquished.

Notes
Turn   | Place    | Note
-------+----------+-------------------------------------------
     0 | D:1      | fozzywoppz the Minotaur Fighter began the quest for the
                  | Orb.
     0 | D:1      | Reached XP level 1. HP: 19/19 MP: 0/0
    89 | D:1      | Found Zach's Magic Scroll Shoppe.
    93 | D:1      | Reached XP level 2. HP: 27/27 MP: 1/1
   185 | D:1      | Found Will's Weapon Shoppe.
   308 | D:1      | Found Lefe's Antique Armour Shop.
   486 | D:2      | You fall into a shaft and drop 1 floor!
   534 | D:3      | Found a hide-covered altar of Uskayaw.
   589 | D:3      | Reached XP level 3. HP: 33/33 MP: 2/2
   602 | D:3      | Found a stormy altar of Qazlal.
   897 | D:3      | Found Onixt's General Store.
  1350 | D:4      | Noticed an ogre
  1356 | D:4      | Mangled by an ogre

Illustrated notes

Levels and vault maps discovered:
D:1:      minmay_arrival_solitary_statue, layout_rooms, serial_shops, shop,
          shop, shop, minmay_pentomino_w4
D:2:      layout_basic, grunt_ministairs_6
D:3:      layout_basic, mainiacjoe_overflow_chevrons, lemuel_crystal_altar,
          serial_shops, nicolae_shop_pleasant_corner_grove
D:4:      layout_gridville, general_overflow_altar, portal_sewer_entry_f,
          kennysheep_small_circle, uniq_grinder

Skill      XL: |  1  2 |
---------------+-------+-----
Shields        | 4 |  4.1
Fighting       | 4 |  4.1
Maces & Flails | 3 |  3.1
Armour         | 4 |  4.1
Dodging        | |  0.8

Action                     || total
---------------------------++-------
  Melee: Flail             ||    80
         Headbutt          ||    10
 Armour: Scale mail        ||    44
         Plate armour      ||    26
  Dodge: Dodged            ||    45
  Block: Buckler           ||    26
